 Dungeon Crawl Stone Soup version 0.26-a0-163-g6c8a0bf695 (webtiles) character file.

Game seed: 3429076861921410896

111 BritishOli the Slasher (level 4, -8/34 HPs)
             Began as a Demonspawn Gladiator on July 3, 2020.
             Mangled by a two-headed ogre
             ... wielding a +0 giant club
              (22 damage)
             ... on level 4 of the Dungeon.
             The game lasted 00:01:40 (2604 turns).

BritishOli the Slasher (Demonspawn Gladiator)       Turns: 2604, Time: 00:01:41

Health: -8/34      AC:  5    Str: 16    XL:     4   Next: 62%
Magic:  4/4        EV: 13    Int:  9    God:
Gold:   151        SH:  0    Dex: 14    Spells: 3/3 levels left

rFire    . . .     SeeInvis .   a - +0 long sword
rCold    . . .     Faith    .   (no shield)
rNeg     . . .     Spirit   .   b - +0 leather armour
rPois    .         Reflect  .   (helmet restricted)
rElec    .         Harm     .   (no cloak)
rCorr    +                      (no gloves)
MR       .....                  (no boots)
Stlth    +.........             (no amulet)
HPRegen  0.11/turn              e - ring of resist corrosion
MPRegen  0.09/turn              (no ring)

@: no status effects
A: horns 1, slimy green scales 1
a: no special abilities


You were on level 4 of the Dungeon.
You were not hungry.

You visited 1 branch of the dungeon, and saw 4 of its levels.

You collected 151 gold pieces.

Inventory:

Hand Weapons
 a - a +0 long sword (weapon)
Missiles
 d - 3 throwing nets (quivered)
Armour
 b - a +0 leather armour (worn)
Jewellery
 e - a ring of resist corrosion (left hand)
Scrolls
 c - 2 scrolls of fog {unknown}
 k - a scroll of fear {unknown}
 l - a scroll of identify {unknown}
 m - 2 scrolls of noise {unknown}
 n - a scroll of remove curse {unknown}
 o - a scroll of teleportation {unknown}
 p - 2 scrolls of magic mapping {unknown}
Potions
 g - a potion of curing {unknown}
 h - a potion of brilliance {unknown}
 i - a potion of haste {unknown}
 j - 4 potions of flight {unknown}
Comestibles
 f - 4 rations
 q - a chunk of flesh


   Skills:
 + Level 2.6 Fighting
 * Level 3.6 Long Blades
 + Level 2.4 Throwing
 + Level 1.2 Armour
 + Level 3.2 Dodging


You had 3 spell levels left.
You didn't know any spells.
Your spell library contained the following spells:

 Spells                   Type           Power        Failure   Level  Hunger
 Beastly Appendage        Tmut           #.....       45%         1    ##.....
 Sticks to Snakes         Tmut           #.......     58%         2    ###....
 Spider Form              Tmut/Pois      #.........   83%         3    ####...
 Ice Form                 Ice/Tmut       #.......     99%         4    #####..
 Blade Hands              Tmut           #.........   100%        5    ######.


Dungeon Overview and Level Annotations

Branches:
Dungeon (4/15)
 Temple: D:4-7

Altars:


Innate Abilities, Weirdness & Mutations

You have a pair of small horns on your head.
You are partially covered in slimy green scales. (AC +2)


Message History

You headbutt the gnoll, but do no damage.
The gnoll is heavily wounded.
The gnoll hits you with a +0 flail.
You hit the gnoll.
You headbutt the gnoll, but do no damage.
The gnoll is almost dead.
The gnoll closely misses you.
You riposte.
You hit the gnoll.
The gnoll is moderately wounded.
The gnoll barely misses you. x2
You hit the gnoll but do no damage.
The gnoll is almost dead.
The gnoll hits you! The gnoll closely misses you.
The gnoll hits you with a +0 flail! The gnoll hits you.
You are too injured to fight recklessly!
You see here a leather armour.
A two-headed ogre comes into view.
It is wielding a +0 giant club and a -3 giant spiked club.
The two-headed ogre shouts in stereo!
The two-headed ogre hits you with a +0 giant club!!
Ouch! That really hurt!
You die...

.... ...# ..8...
#...### ......
##....... ....
#.........# ...
##.......).#
#.##..........##
#..#...........#
#.....O........#
##.#.@.........#
#.##..........#
#g###.........## ####
#g####.........#
##...##g.#
##....รท...#
#......[.######......#
##.........######....#
##...........####...##
#
##.............##...#
###


You could see a two-headed ogre.

Vanquished Creatures
  An iguana (D:4)
  3 adders
  An ooze (D:4)
  A worm (D:3)
  A leopard gecko (D:2)
  An orc (D:3)
  A ball python (D:3)
  A giant cockroach (D:1)
  5 goblins
  8 hobgoblins
  6 jackals
  A quokka (D:2)
  7 bats
  6 frilled lizards
  2 rats
45 creatures vanquished.

Notes
Turn   | Place    | Note
-------+----------+-------------------------------------------
     0 | D:1      | BritishOli the Demonspawn Gladiator began the quest for the
                  | Orb.
     0 | D:1      | Reached XP level 1. HP: 16/16 MP: 1/1
   385 | D:1      | Gained mutation: You have a pair of small horns on your
                  | head. [demonic ancestry]
   385 | D:1      | Reached XP level 2. HP: 22/22 MP: 2/2
   899 | D:2      | Reached XP level 3. HP: 25/28 MP: 3/3
  1804 | D:3      | Found a faded altar of an unknown god.
  1858 | D:3      | Reached skill level 1 in Armour
  2352 | D:4      | Gained mutation: You are partially covered in slimy green
                  | scales. (AC +2) [demonic ancestry]
  2352 | D:4      | Reached XP level 4. HP: 25/34 MP: 4/4
  2601 | D:4      | Noticed a two-headed ogre
  2604 | D:4      | Mangled by a two-headed ogre

Illustrated notes

Levels and vault maps discovered:
D:1:      dpeg_arrival_round_b, layout_rooms
D:2:      layout_rooms, chequers_serial_rivers_micro_b
D:3:      layout_basic, first_ration, chequers_ecumenical_altar_grove
D:4:      layout_cave_pods, chequers_temple_overflow_minitemple, serial_shops,
          nicolae_shop_statue_plus, uniq_grinder, uniq_menkaure

Skill      XL: |  1  2  3 |
---------------+----------+-----
Throwing       | 2 |  2.4
Long Blades    | 3 |  3.6
Dodging        | 3 |  3.2
Armour         | 1 |  1.2
Fighting       | |  2.6

Action                   |  1- 3 |  4- 6 || total
-------------------------+-------+-------++-------
Melee: Long sword        |    98 |    15 ||   113
       Headbutt          |    20 |     7 ||    27
  Eat: Chunk             |     4 |     1 ||     5
Armor: Leather armour    |    39 |     1 ||    40
Dodge: Dodged            |    86 |    17 ||   103
       Rpst.: Long sword |    25 |     6 ||    31

Table legend:
 A = Non-vault XP
 B = Vault XP
 C = Vault XP percentage of total XP
 D = Non-vault monster count
 E = Vault monster count
 F = Vault count percentage of total count
                 A         B        C        D         E       F
            +---------+---------+-------+---------+---------+-------
      Total |     159 |       0 |   0.0 |      45 |       0 |   0.0
            +---------+---------+-------+---------+---------+-------
        D:1 |      23 |       0 |   0.0 |      15 |       0 |   0.0
        D:2 |      29 |       0 |   0.0 |      15 |       0 |   0.0
        D:3 |      36 |       0 |   0.0 |      11 |       0 |   0.0
        D:4 |      71 |       0 |   0.0 |       4 |       0 |   0.0
            +---------+---------+-------+---------+---------+-------
